Map: Magannatha LE

Players

IlIlIlIlIlII

  • Race: Terran Terran
  • League: Diamond
  • Spawn Location: 11:00

SodomyJesu - Winner!

  • Race: Protoss Protoss
  • League: Diamond
  • Spawn Location: 5:00

VOD

Have the link to the VOD?

Description

Time

  • Played on: July 25, 2025, 4:07 p.m.
  • Length: 15:25
Show
View Real Time Build Order
Export as new Build Order

IlIlIlIlIlII Terran 

Build Orders:  

Get SALT Encoding   

  12  0:10  Supply Depot  
  12  0:12  SCV  
  13  0:33  Barracks  
  13  0:40  Refinery  
  13  0:42  Refinery  
  13  0:44  SCV  
  14  0:56  SCV  
  15  1:09  SCV  
  16  1:20  Marine  
  16  1:25  SCV  
  18  1:37  SCV  
  18  1:38  Marine  
  20  1:49  SCV  
  21  1:56  Marine  
  21  1:58  Factory  
  22  2:06  Orbital Command  
  22  2:13  Bunker  
  22  2:14  Marine  
  22  2:35  Marine  
  23  2:44  Hellion  
  23  2:47  SCV  
  23  3:03  SCV  
  23  3:18  Factory Tech Lab  
  23  3:19  Barracks Reactor  
  23  3:27  SCV  
  24  3:39  Command Center  
  24  3:46  Siege Tank  
  27  3:54  SCV  
  28  3:57  Marine  
  27  4:06  SCV  
  25  4:10  Marine  
  26  4:31  Factory Reactor, Starport  
  24  4:47  SCV  
  24  4:56  Orbital Command  
  24  4:59  SCV  
  25  5:07  Orbital Command  
  25  5:13  Marauder, Concussive Shells  
  26  5:19  Armory  
  26  5:23  SCV  
  27  5:35  Hellion  
  29  5:41  SCV  
  28  5:45  Orbital Command  
  24  6:02  Orbital Command  
  24  6:03  Hellion  
  25  6:10  Hellion  
  27  6:17  Medivac  
  29  6:33  Medivac  
  29  6:39  Stimpack  
  33  6:40  Marauder  
  33  6:41  Hellion  
  35  6:47  Liberator  
  38  6:55  SCV x2  
  40  7:08  Liberator  
  41  7:16  Hellion x2  
  41  7:20  Marine  
  44  7:58  Liberator  
  44  8:00  SCV  
  44  8:02  SCV  
  45  8:12  SCV  
  45  8:30  Marine  
  38  8:59  Marine  
  39  9:17  Marine  
  37  9:42  Viking x2  
  37  9:43  Widow Mine x2  
  39  10:12  Widow Mine x2  
  43  10:20  Engineering Bay  
  43  10:48  Viking  
  45  11:02  Missile Turret  
  45  11:24  Missile Turret  
  45  11:36  Missile Turret  
  45  11:48  Viking  
  46  11:57  Bunker  
  46  11:59  Missile Turret  
  42  12:22  Missile Turret  
  42  12:34  Missile Turret  
  42  12:58  Orbital Command  
  41  13:19  Missile Turret  
  41  13:23  Hellion x2  
  42  13:29  SCV  
  42  13:31  SCV  
  44  13:39  Missile Turret  
  36  14:06  SCV x2  
  34  14:18  SCV  
  34  14:25  Hellion x2  
  34  14:26  SCV  
  34  14:30  SCV  
  40  14:39  SCV  
  40  14:43  Viking  
  43  14:45  Marine  
Show
View Real Time Build Order
Export as new Build Order

SodomyJesu Protoss - Winner!

Build Orders:  

Get SALT Encoding   

  1  0:00  Probe  
  13  0:08  Probe  
  14  0:30  Pylon  
  14  0:49  Gateway  
  14  0:51  Gateway  
  14  1:00  Probe  
  15  1:10  Pylon  
  15  1:12  Probe  
  16  1:24  Probe  
  17  1:29  Pylon  
  17  1:38  Zealot x2  
  20  1:56  Zealot  
  20  1:57  Cybernetics Core, Zealot  
  20  2:01  Assimilator  
  24  2:24  Zealot  
  24  2:26  Zealot  
  20  2:53  Assimilator  
  20  2:55  Zealot x2  
  20  3:22  Adept x2  
  24  3:39  Shield Battery  
  24  3:52  Adept x2  
  27  4:10  Probe  
  28  4:18  Probe  
  28  4:19  Stalker  
  31  4:41  Probe  
  30  4:48  Stalker  
  30  4:53  Probe  
  31  5:16  Pylon  
  31  5:31  Stalker x2  
  33  5:58  Stalker  
  33  6:02  Adept  
  35  6:10  Stargate  
  35  6:19  Adept  
  35  6:24  Adept  
  39  6:41  Pylon  
  39  6:59  Adept  
  45  7:05  Void Ray  
  45  7:40  Pylon  
  49  8:04  Void Ray  
  37  8:47  Void Ray  
  19  9:46  Probe  
  20  9:54  Void Ray  
  20  9:57  Pylon  
  20  9:58  Pylon, Probe  
  25  10:10  Probe  
  26  10:17  Gateway  
  26  10:20  Shield Battery  
  26  10:22  Probe  
  26  10:27  Void Ray  
  27  10:29  Adept x2  
  27  10:34  Probe  
  36  10:46  Probe  
  37  10:53  Warp Gate  
  37  10:58  Probe  
  37  10:59  Adept  
  37  11:02  Adept  
  42  11:10  Void Ray  
  42  11:11  Probe  
  47  11:23  Probe  
  48  11:26  Adept  
  48  11:30  Adept  
  48  11:32  Adept  
  54  11:35  Probe  
  51  12:32  Probe  
  52  12:44  Probe  
  53  12:56  Probe  
  54  12:59  Forge  
  54  13:32  Nexus  
  54  14:15  Probe  
  55  14:18  Pylon  
  55  14:28  Probe  
  56  14:39  Shield Battery  
  56  14:40  Probe  
  56  14:41  Photon Cannon  
  56  14:45  Probe, Photon Cannon  
  58  14:48  Stalker, Photon Cannon  
  58  14:49  Stalker x2  
  58  14:52  Probe  
  65  14:57  Probe  
  66  15:13  Stalker x3  
Tags
 
Add a new tag
Caveats
  • Supply blocks, unpowered buildings, or Contaminate may cause inaccurate times.
  • Supply counts are checked every 10 seconds.